 Dungeon Crawl Stone Soup version 0.29.1-15-g9cfb28693d (webtiles) character file.

Game seed: 3850297100980945309

394 safid the Chiller (level 6, -3/48 HPs)
             Began as a Merfolk Ice Elementalist on Apr 7, 2023.
             Slain by Menkaure (8 damage)
             ... on level 4 of the Dungeon.
             The game lasted 00:08:38 (4326 turns).

safid the Chiller (Merfolk Ice Elementalist)        Turns: 4326, Time: 00:08:39

Health: -3/48      AC: 11    Str:  8    XL:     6   Next: 82%
Magic:  3/12       EV: 12    Int: 17    God:
Gold:   141        SH:  0    Dex: 14    Spells: 6/13 levels left

rFire   . . .      SeeInvis .   y - +0 spear (flame)
rCold   . . .      Faith    .   (no shield)
rNeg    . . .      Spirit   .   a - +0 robe
rPois   .          Reflect  .   t - +0 helmet
rElec   .          Harm     .   (no cloak)
rCorr   .          Rampage  .   s - +0 pair of gloves
Will    .....                   u - +0 pair of boots
Stlth   ++........              (no amulet)
HPRegen 0.16/turn               (no ring)
MPRegen 0.13/turn               (no ring)

@: ice-armoured
A: (nimble swimmer 2), mertail
a: no special abilities


You were on level 4 of the Dungeon.
You visited 1 branch of the dungeon, and saw 4 of its levels.

You collected 141 gold pieces.

Inventory:

Hand Weapons
 y - a +0 spear of flaming (weapon)
Armour
 a - a +0 robe (worn)
 s - a +0 pair of gloves (worn)
 t - a +0 helmet (worn)
 u - a +0 pair of boots (worn)
Scrolls
 d - 2 scrolls of teleportation {unknown}
 h - 2 scrolls of acquirement {unknown}
 j - 5 scrolls of identify {unknown}
 k - a scroll of poison {unknown}
 m - a scroll of enchant weapon {unknown}
 o - 2 scrolls of noise {unknown}
 p - 5 scrolls of vulnerability {unknown}
 q - 2 scrolls of amnesia {unknown}
 r - a scroll of enchant armour {unknown}
 w - a scroll of summoning {unknown}
Potions
 b - 2 potions of magic
 c - a potion of ambrosia {unknown}
 e - 2 potions of haste
 f - a potion of curing {unknown}
 g - a potion of might {unknown}
 i - 3 potions of brilliance {unknown}
 l - 2 potions of lignification {unknown}
 n - 2 potions of invisibility {unknown}
 v - 3 potions of attraction {unknown}
 x - 2 potions of mutation {unknown}


   Skills:
 + Level 4.0 Fighting
 - Level 2.6 Dodging
 - Level 2.1 Stealth
 + Level 4.0 Spellcasting
 + Level 6.1 Ice Magic


You had 6 spell levels left.
You knew the following spells:

 Your Spells              Type           Power      Damage    Failure   Level
a - Freeze                Ice            96%        1d11      1%          1
b - Frozen Ramparts       Ice            48%        1d8       3%          3
c - Ozocubu's Armour      Ice            24%        N/A       3%          3

Your spell library contained the following spells:

 Spells                   Type           Power      Damage    Failure   Level
 Slow                     Hex            12%        N/A       16%         1
 Hailstorm                Conj/Ice       13%        3d5       41%         4
 Confusing Touch          Hex            3%         N/A       43%         3
 Vampiric Draining        Necr           3%         2d6       43%         3
 Ozocubu's Refrigeration  Ice            12%        4d10      100%        7


Dungeon Overview and Level Annotations

Branches:
Dungeon (4/15)
 Temple: D:4-7

Altars:
Ashenzari
Dithmenos
Hepliaklqana
Okawaru
Ru
Trog

Annotations:
D:4 Grinder, Ijyb, Menkaure


Innate Abilities, Weirdness & Mutations

((You are very nimble when in or above water. (Stealth+, EV+, Speed+++)))
Your lower body shifts to a powerful aquatic tail in water.


Message History

* * * LOW HITPOINT WARNING * * *
You are too injured to fight recklessly!
Casting: Ozocubu's Armour (dangerous; 3% risk of failure)
Confirm with . or Enter, or press ? or * to list all spells.
Aiming: Freeze (safe; 1% risk of failure)
Press: ? - help, Shift-Dir - straight line, f/p - Menkaure
Aim: Menkaure (moderately damaged)
You freeze Menkaure.
Menkaure resists.
Menkaure is moderately damaged.
Menkaure resists.
The wall freezes Menkaure.
Menkaure calls on the powers of darkness!
Your body is wracked with pain!
* * * LOW HITPOINT WARNING * * *
Casting: Freeze (safe; 1% risk of failure)
Confirm with . or Enter, or press ? or * to list all spells.
Aiming: Freeze (safe; 1% risk of failure)
Press: ? - help, Shift-Dir - straight line, f/p - Menkaure
Aim: Menkaure (moderately damaged)
You freeze Menkaure.
Menkaure resists.
Menkaure is heavily damaged.
Menkaure resists.
The wall freezes Menkaure.
Menkaure hits you.
* * * LOW HITPOINT WARNING * * *
Casting: Freeze (safe; 1% risk of failure)
Confirm with . or Enter, or press ? or * to list all spells.
Aiming: Freeze (safe; 1% risk of failure)
Press: ? - help, Shift-Dir - straight line, f/p - Menkaure
Aim: Menkaure (severely damaged)
You freeze Menkaure.
Menkaure resists.
Menkaure is severely damaged.
The frozen ramparts melt away.
Unknown command.
Casting: Freeze (safe; 1% risk of failure)
Confirm with . or Enter, or press ? or * to list all spells.
Aiming: Freeze (safe; 1% risk of failure)
Press: ? - help, Shift-Dir - straight line, f/p - Menkaure
Aim: Menkaure (severely damaged)
You freeze Menkaure.
Menkaure resists.
Menkaure is severely damaged.
Menkaure hits you!
You die...

###########.##
#......@.....#
##########...###M####..#
#........#..####⌠.⌠.#
.....###.#.##.##....#
#.##.# #.#.8...#._$.#
#.##.# #.......#....#
#.##)###.#.....#....#
#.##.....†.8...#._..#
#.##.#####.##.##....#


You could see Menkaure.

Vanquished Creatures
  A black bear (D:4)
  A necrophage (D:3)
  2 scorpions (D:4)
  Robin (D:3)
  4 adders
  A worm (D:4)
  A dart slug (D:3)
  7 ball pythons
  5 bats
  5 endoplasms
  5 giant cockroaches
  23 goblins
  8 hobgoblins
  2 jackals (D:3)
  3 quokkas
  2 frilled lizards (D:1)
  2 kobolds (D:4)
  10 rats
83 creatures vanquished.

Notes
Turn   | Place    | Note
-------+----------+-------------------------------------------
     0 | D:1      | safid the Merfolk Ice Elementalist began the quest for the
                  | Orb.
     0 | D:1      | Reached XP level 1. HP: 13/13 MP: 3/3
   214 | D:1      | Reached XP level 2. HP: 19/20 MP: 0/5
   310 | D:1      | Reached skill level 1 in Fighting
   513 | D:1      | Found a faded altar of an unknown god.
   990 | D:1      | Reached XP level 3. HP: 24/26 MP: 4/6
  2222 | D:2      | Learned a level 3 spell: Frozen Ramparts
  2226 | D:2      | Learned a level 3 spell: Ozocubu's Armour
  2296 | D:3      | Noticed Robin
  2306 | D:3      | Reached XP level 4. HP: 32/33 MP: 6/8
  2306 | D:3      | Found a broken altar of Ashenzari.
  2319 | D:3      | Reached skill level 5 in Ice Magic
  2335 | D:3      | Killed Robin
  2630 | D:3      | Found a shadowy altar of Dithmenos.
  2633 | D:3      | Found a bloodstained altar of Trog.
  2948 | D:3      | Noticed a necrophage
  2980 | D:3      | Killed a necrophage
  2981 | D:3      | Reached XP level 5. HP: 30/40 MP: 0/9
  3405 | D:4      | Noticed a black bear
  3420 | D:4      | Killed a black bear
  3421 | D:4      | Reached XP level 6. HP: 18/47 MP: 0/11
  3639 | D:4      | Reached skill level 6 in Ice Magic
  3765 | D:4      | Found a sacrificial altar of Ru.
  3871 | D:4      | Noticed Grinder
  4131 | D:4      | Noticed Ijyb
  4282 | D:4      | Found a hazy altar of Hepliaklqana.
  4282 | D:4      | Noticed Menkaure
  4287 | D:4      | Found an iron altar of Okawaru.
  4326 | D:4      | Slain by Menkaure

Illustrated notes

Levels and vault maps discovered:
D:1:      kilobyte_arrival_exit_the_forest, layout_loops_ring,
          hellmonk_ecumenical_altar_prayer_group
D:2:      layout_loops_ring, st_stairs_4, minivault_26
D:3:      layout_basic, nicolae_overflow_hidden_temple,
          kennysheep_big_empty_room, uniq_robin
D:4:      layout_loops_ring, makhleb_altar_promises_db, lemuel_doored_altar,
          jmf_multi_god_temple, minmay_pentomino_pile, uniq_grinder, uniq_ijyb,
          uniq_menkaure

Skill      XL: |  1  2  3  4  5  6 |
---------------+-------------------+-----
Fighting       | 1 2 3 4 |  4.0
Ice Magic      | 5 6 |  6.1
Spellcasting   | 3 4 |  4.0
Dodging        | |  2.6
Stealth        | |  2.1

Action                   |  1- 3 |  4- 6 || total
-------------------------+-------+-------++-------
Melee: Unarmed           |     7 |       ||     7
       Dagger            |    23 |    46 ||    69
       Spear             |       |    56 ||    56
       Punch             |       |     1 ||     1
 Cast: Freeze            |    49 |    14 ||    63
       Frozen Ramparts   |       |    14 ||    14
       Ozocubu's Armour  |       |     4 ||     4
  Use: Potion            |       |     1 ||     1
 Stab: Sleeping          |     3 |     3 ||     6
Armor: Robe              |     6 |    40 ||    46
Dodge: Dodged            |    37 |    82 ||   119
